 Dungeon Crawl Stone Soup version 0.29-a0-23-ga79f92ac9c (webtiles) character file.

Game seed: 12436752249756725878

1469 bjtr the Firebug (level 8, -1/74 HPs)
             Began as an Ogre Fire Elementalist on Jan 31, 2022.
             Slain by a gnoll (6 damage)
             ... on level 6 of the Dungeon.
             The game lasted 00:27:43 (8361 turns).

bjtr the Firebug (Ogre Fire Elementalist)           Turns: 8361, Time: 00:27:44

Health: -1/74      AC:  4    Str: 13    XL:     8   Next: 77%
Magic:  17/17      EV: 10    Int: 18    God:
Gold:   260        SH:  0    Dex:  9    Spells: 8/20 levels left

rFire   . . .      SeeInvis .   b - +3 flail (vorpal)
rCold   . . .      Faith    .   (no shield)
rNeg    . . .      Spirit   .   a - +1 robe
rPois   .          Reflect  .   (helmet restricted)
rElec   .          Harm     .   (no cloak)
rCorr   .          Rampage  .   (gloves unavailable)
Will    .....                   (boots unavailable)
Stlth   +.........              (no amulet)
HPRegen 0.22/turn               f - ring of wizardry
MPRegen 0.15/turn               n - ring of flight

@: flying
A: large, unfitting armour, tough skin 1
a: no special abilities


You were on level 6 of the Dungeon.
You visited 1 branch of the dungeon, and saw 6 of its levels.
You also visited: Ossuary.

You collected 260 gold pieces.

Inventory:

Hand Weapons
 b - a +3 vorpal flail (weapon)
 e - a +0 vampiric hand axe
 g - a +0 hunting sling
 l - a +2 dagger of protection
 q - a +0 flail
 r - a +0 quarterstaff
 F - a +0 rapier
 I - a +0 giant club
 K - a +0 spear of distortion
Missiles
 d - 25 bolts
 i - 132 stones (quivered)
 k - 3 large rocks
 p - 21 sling bullets
 G - 2 javelins
Armour
 a - a +1 robe (worn)
Jewellery
 f - a ring of wizardry (left hand)
 n - a ring of flight (right hand)
Wands
 B - a wand of polymorph (1)
Scrolls
 j - 3 scrolls of teleportation
 t - a scroll of magic mapping
 u - a scroll of summoning {unknown}
 v - 5 scrolls of identify {unknown}
 y - a scroll of brand weapon {unknown}
 C - a scroll of enchant armour
 H - a scroll of holy word {unknown}
 J - a scroll of fog {unknown}
Potions
 c - 4 potions of degeneration {unknown}
 h - 8 potions of curing {unknown}
 m - 3 potions of brilliance {unknown}
 o - a potion of cancellation {unknown}
 s - a potion of mutation {unknown}
 w - 2 potions of flight {unknown}
 x - a potion of haste {unknown}
 z - a potion of heal wounds
 A - a potion of attraction {unknown}
 D - a potion of magic {unknown}
 E - a potion of might


   Skills:
 + Level 2.6 Fighting
 * Level 2.7 Maces & Flails
 + Level 2.7 Dodging
 - Level 1.4 Stealth
 + Level 6.5 Spellcasting
 * Level 3.4 Conjurations
 * Level 6.6 Fire Magic


You had 8 spell levels left.
You knew the following spells:

 Your Spells              Type           Power      Damage    Failure   Level
a - Foxfire               Conj/Fire      96%        2x1d8     1%          1
b - Scorch                Fire           58%        2d8       1%          2
c - Searing Ray           Conj           36%        2d5       1%          2
d - Conjure Flame         Conj/Fire      24%        6-21      1%          3
e - Flame Wave            Conj/Fire      24%        2d7       6%          4

Your spell library contained the following spells:

 Spells                   Type           Power      Damage    Failure   Level
 Magic Dart               Conj           72%        1d6       1%          1
 Inner Flame              Hex/Fire       17%        N/A       3%          3
 Sandblast                Erth           10%        2d5       4%          1
 Passwall                 Tmut/Erth      4%         N/A       7%          2
 Sublimation of Blood     Necr           5%         N/A       7%          2
 Wereblood                Tmut           5%         N/A       7%          2
 Stone Arrow              Conj/Erth      24%        3d8       7%          3
 Fulminant Prism          Conj/Hex       6%         3d7       22%         4
 Summon Hydra             Summ           2%         N/A       100%        7


Dungeon Overview and Level Annotations

Branches:
Dungeon (6/15)            Ossuary (visited)
 Temple: D:4-7

Altars:
Qazlal
Ru
Xom

Shops:
D:5 (


Innate Abilities, Weirdness & Mutations

You are too large for most types of armour.
You have tough skin. (AC +1)


Message History

A phantom is nearby!
Casting: Scorch (safe; 1% risk of failure)
Confirm with . or Enter, or press ? or * to list all spells.
Flames lash the phantom.
The phantom is heavily damaged.
The phantom's fire resistance burns away.
You hear a shout!
Casting: Scorch (safe; 1% risk of failure)
Confirm with . or Enter, or press ? or * to list all spells.
Flames lash the phantom.
The phantom is burned terribly!
You destroy the phantom!
Magic restored.
A gnoll sergeant comes into view. It is wielding a +0 trident.
A gnoll comes into view. It is wielding a +0 club.
The gnoll shouts!
A gnoll comes into view. It is wielding a +0 spear. x2
The gnoll sergeant shouts!
The gnoll shouts!
You hear a shout!
Casting: Scorch (safe; 1% risk of failure)
Confirm with . or Enter, or press ? or * to list all spells.
You can't see any susceptible monsters within range! (Use Z to cast anyway.)
Casting: Scorch (safe; 1% risk of failure)
Confirm with . or Enter, or press ? or * to list all spells.
Okay, then.
You barely miss the gnoll.
The gnoll sergeant hits you from afar with a +0 trident!
The gnoll misses you.
You barely miss the gnoll.
The gnoll shouts!
The gnoll sergeant barely misses you. The gnoll hits you with a +0 club.
The gnoll hits you from afar with a +0 spear.
You barely miss the gnoll.
The gnoll sergeant hits you from afar with a +0 trident!
* * * LOW HITPOINT WARNING * * *
The gnoll hits you with a +0 club.
* * * LOW HITPOINT WARNING * * *
The gnoll barely misses you.
The gnoll sergeant hits you from afar with a +0 trident!
* * * LOW HITPOINT WARNING * * *
The gnoll hits you with a +0 club.
You die...

..........# #..#
..........# # #. #..#
..........# .# #... #..#
g.........##.# ###...###..#
.............###.......#..#
...........# #.........#.<#
....g......# #.#...........
.......g...###.##.....##...
.......g..@.##.##.....##...
.........g#.##.##.#........
......(...#.##.##.###.##.#.
..........#.##........##.#.
..........#.####.#######.#.
..........#......# #.#.
.........#####..# #...
........# #..# ### #....


You could see a gnoll sergeant and 3 gnolls.

Vanquished Creatures
  Edmund (D:5)
  An ogre (D:4)
  A centaur (D:5)
  A phantom (D:6)
  4 scorpions (D:5)
  A water moccasin skeleton (D:5)
  2 bullfrog zombies
  3 hounds
  An orc priest (D:3)
  2 jellies (D:5)
  A bullfrog skeleton (D:4)
  Ijyb (D:4)
  2 orc wizards
  4 iguanas
  A hound skeleton (D:4)
  11 mummies (Ossuary)
  4 gnolls
  6 adders
  A shadow imp (D:5)
  An adder skeleton (D:5)
  4 worms (D:2)
  A dart slug (D:3)
  6 orcs
  6 ball pythons
  6 bats
  7 endoplasms
  4 giant cockroaches
  6 goblins
  8 hobgoblins
  6 jackals
  6 kobolds
  4 quokkas
  A frilled lizard (D:2)
  A gnoll skeleton (Ossuary)
  5 goblin skeletons (Ossuary)
  2 orc skeletons (Ossuary)
  6 rats
  11 rat skeletons (Ossuary)
139 creatures vanquished.

Vanquished Creatures (others)
  230 foxfires
230 creatures vanquished.

Grand Total: 369 creatures vanquished

Notes
Turn   | Place    | Note
-------+----------+-------------------------------------------
     0 | D:1      | bjtr the Ogre Fire Elementalist began the quest for the
                  | Orb.
     0 | D:1      | Reached XP level 1. HP: 16/16 MP: 3/3
    60 | D:1      | Reached XP level 2. HP: 13/24 MP: 0/5
   289 | D:1      | Learned a level 2 spell: Scorch
   406 | D:1      | Reached skill level 1 in Conjurations
   673 | D:1      | Reached XP level 3. HP: 31/31 MP: 0/7
  1470 | D:2      | Reached XP level 4. HP: 39/39 MP: 1/8
  1793 | D:2      | Found a shimmering altar of Xom.
  2074 | D:2      | Found a faded altar of an unknown god.
  2696 | D:3      | Reached skill level 1 in Fighting
  2696 | D:3      | Reached XP level 5. HP: 48/48 MP: 5/10
  2897 | D:3      | Learned a level 2 spell: Searing Ray
  2901 | D:3      | Learned a level 3 spell: Conjure Flame
  3066 | D:3      | Found a stormy altar of Qazlal.
  4148 | D:4      | Reached XP level 6. HP: 43/57 MP: 12/12
  4175 | D:4      | Found a sand-covered staircase.
  4185 | Ossuary  | Entered an ossuary
  5219 | D:4      | Learned a level 4 spell: Flame Wave
  5299 | D:4      | Reached skill level 5 in Spellcasting
  5299 | D:4      | Reached XP level 7. HP: 55/65 MP: 3/14
  5421 | D:4      | Noticed Ijyb
  5474 | D:4      | Killed Ijyb
  5475 | D:4      | Reached skill level 5 in Fire Magic
  6325 | D:5      | Entered Level 5 of the Dungeon
  6342 | D:5      | Reached skill level 1 in Maces & Flails
  6822 | D:5      | Found a sacrificial altar of Ru.
  6979 | D:5      | Noticed Edmund
  6988 | D:5      | Reached XP level 8. HP: 43/72 MP: 3/16
  7018 | D:5      | Killed Edmund
  7313 | D:5      | Found Kinysio's Weapon Emporium.
  8361 | D:6      | Slain by a gnoll

Illustrated notes

Levels and vault maps discovered:
D:1:      dpeg_arrival_oval, layout_rooms, chequers_serial_rivers_large_b
D:2:      layout_rooms, ebering_ecumenical_altar_rust, basic_altar
D:3:      layout_basic, grunt_qazlal_sundering
D:4:      layout_loops_corners, nicolae_ossuary_entry_plus, eino_tiny_chamber,
          cheibrodos_gnoll_hut, uniq_ijyb
D:5:      layout_loops_corners, nicolae_ru_the_path_less_chosen, serial_shops,
          nicolae_diamond_shop, grunt_ministairs_3, uniq_edmund
D:6:      layout_loops_ring, serial_shops,
          nicolae_shop_temple_entry_statues_fountains,
          nicolae_shop_bloodbath_and_beyond, shop, wad_floor_pattern_1,
          hangedman_decor_lopped

Skill      XL: |  1  2  3  4  5  6  7  8 |
---------------+-------------------------+-----
Fire Magic     | 3 4 5 6 |  6.6
Conjurations   | 1 2 3 |  3.4
Spellcasting   | 3 4 5 6 |  6.5
Fighting       | 1 2 |  2.6
Dodging        | 2 |  2.7
Maces & Flails | 1 2 |  2.7
Stealth        | |  1.4

Action                   |  1- 3 |  4- 6 |  7- 9 || total
-------------------------+-------+-------+-------++-------
Melee: Club              |     2 |       |       ||     2
       Hand axe          |    10 |   116 |    17 ||   143
       Punch             |       |     1 |       ||     1
       Flail             |       |       |    50 ||    50
 Fire: Hunting sling     |       |       |    12 ||    12
Throw: Large rock        |       |       |     3 ||     3
       Javelin           |       |       |     2 ||     2
 Cast: Foxfire           |    73 |    50 |    13 ||   136
       Scorch            |     1 |    49 |    33 ||    83
       Conjure Flame     |       |       |     3 ||     3
       Searing Ray       |       |       |     2 ||     2
       Flame Wave        |       |       |     1 ||     1
  Use: Scroll            |       |     8 |       ||     8
 Stab: Sleeping          |       |     1 |     1 ||     2
Armor: Robe              |     9 |    34 |    16 ||    59
Dodge: Dodged            |     7 |    64 |    52 ||   123

Table legend: (Time is in decaauts)
 A = Elapsed time spent in this place.
 B = Non-inter-level travel time spent in this place.
 C = Inter-level travel time spent in this place.
 D = Time resting spent in this place.
 E = Time spent auto-exploring this place.
 F = Levels seen in this place.
 G = Mean time per level.
                   A        B        C        D        E       F      G
               +--------+--------+--------+--------+--------+-----+--------+
         Total |   8442 |   8216 |    226 |   2157 |   4764 |   7 | 1206.0 |
       Dungeon |   7423 |   7197 |    226 |   1695 |   4390 |   6 | 1237.2 |
       Ossuary |   1019 |   1019 |      0 |    462 |    374 |   1 | 1019.0 |
               +--------+--------+--------+--------+--------+-----+--------+

Top non-repeatable levels by time:
     D:5: 1827 daAuts
     D:3: 1659 daAuts
     D:4: 1428 daAuts
     D:1: 1256 daAuts
     D:2: 1092 daAuts
 Ossuary: 1019 daAuts
     D:6: 159 daAuts
